AoeStats
← 体制少妇白洁

Arena

508639941Analyzed
4v4 RM · 8d ago on Sep 23, 2026· 108m 38s· 8 players
Game mode
Random Map
Map size
Large (8 player)
Population
200
Speed
Normal
Resources
Standard
Victory
Conquest
Starting age
Dark Age
Ending age
Imperial Age
RankedLock teamsTeams togetherTeam positionsShared explorationLock speedFull tech treeHidden civsTurbo modeCheats
Victory
Defeat
🇨🇳 Varangians · China
1528
+12
🇭🇰 Saxons · Hong Kong SAR China
1503
+13
🇨🇳 Danes · China
1383
+18
🇩🇪 Danes · Germany
1477
-17
🇩🇪 Saxons · Germany
1433
-16
🇪🇸 Mongols · Spain
1425
-15
🇧🇪 Vikings · Belgium
1411
-15
[LegendB] deadboi
10:22 Feudal Age
12:35 Loom
15:06 Castle Age
13:35 Horse Collar
14:58 Double-Bit Axe
16:30 Bow Saw
16:30 Heavy Plow
21:38 Stone Mining
21:45 Gold Mining
23:55 Gold Shaft Mining
24:46 Scale Mail Armor
26:13 Forging
29:22 Imperial Age
27:15 Chain Mail Armor
27:36 Iron Casting
27:23 Squires
27:09 Arson
27:39 Chieftains
31:04 Blast Furnace
30:35 Plate Mail Armor
29:28 Elite Varangian Guard
31:19 Conscription
35:27 Capped Ram
36:31 Siege Ram
43:12 Fletching
42:49 Pikeman
43:40 Caravan
51:15 Man-at-Arms
51:49 Long Swordsman
52:24 Two-Handed Swordsman
53:01 Champion
56:14 Bodkin Arrow
74:53 Two-Man Saw
Álvaro de Bazán
8:27 Feudal Age
13:41 Castle Age
12:19 Double-Bit Axe
18:36 Bow Saw
19:15 Fletching
22:00 Bodkin Arrow
22:53 Padded Archer Armor
28:36 Horse Collar
28:47 Gold Mining
29:57 Ballistics
38:43 Imperial Age
37:37 Bloodlines
38:06 Husbandry
38:02 Loom
39:25 Bracer
40:32 Chemistry
41:47 Elite Mangudai
52:56 Onager
54:02 Drill
54:51 Capped Ram
59:04 Siege Ram
76:30 Thumb Ring
76:30 Elite Skirmisher
82:33 Caravan
86:43 Squires
87:47 Leather Archer Armor
88:29 Heavy Plow
88:51 Pikeman
94:39 Scale Mail Armor
94:50 Forging
97:31 Heavy Scorpion
102:46 Wheelbarrow
104:48 Parthian Tactics
103:45 Heavy Cavalry Archer
105:11 Conscription
AncientKing
10:43 Feudal Age
12:54 Double-Bit Axe
15:12 Castle Age
15:44 Loom
16:00 Town Watch
19:36 Bow Saw
20:34 Horse Collar
22:58 Wheelbarrow
24:00 Stone Mining
24:02 Gold Mining
29:17 Imperial Age
27:37 Gold Shaft Mining
27:29 Fletching
28:20 Hand Cart
28:18 Bodkin Arrow
29:00 Scale Mail Armor
29:06 Squires
29:56 Masonry
30:06 Chain Mail Armor
30:04 Forging
29:31 Elite Hearth Troop
31:44 Conscription
32:02 Architecture
33:43 Plate Mail Armor
33:49 Iron Casting
33:17 Bracer
33:39 Ballistics
36:17 Hoardings
37:47 Chemistry
36:33 Shield Wall
38:39 Two-Man Saw
39:47 Capped Ram
41:20 Caravan
41:10 Siege Ram
48:34 Pikeman
49:07 Halberdier
53:33 Elite Varangian Guard
57:35 Coinage
59:02 Banking
72:47 Padded Archer Armor
73:01 Heavy Scorpion
73:48 Siege Engineers
76:00 Leather Archer Armor
76:41 Heavy Plow
77:14 Elite Skirmisher
78:02 Thumb Ring
79:54 Ring Archer Armor
81:13 Crossbowman
81:46 Arbalester
84:57 Heavy Mounted Crossbowman
84:58 Cranequins
85:52 Heavy Mounted Crossbowman
软脚虾3号
10:43 Feudal Age
11:57 Double-Bit Axe
14:31 Castle Age
12:25 Horse Collar
15:24 Bow Saw
20:25 Heavy Plow
21:38 Wheelbarrow
22:05 Gold Mining
22:52 Stone Mining
27:25 Imperial Age
25:07 Loom
25:37 Hand Cart
25:08 Town Watch
25:49 Ballistics
25:28 Fletching
26:28 Gold Shaft Mining
26:42 Stone Shaft Mining
26:18 Hamask
26:53 Bodkin Arrow
26:59 Padded Archer Armor
28:30 Conscription
28:34 Bloodlines
28:25 Husbandry
28:26 Bracer
28:41 Leather Archer Armor
29:29 Chemistry
28:45 Thumb Ring
28:20 Cranequins
29:53 Heavy Mounted Crossbowman
31:53 Ring Archer Armor
31:26 Scale Mail Armor
31:36 Forging
31:55 Squires
31:41 Arson
31:34 Elite Jomsviking
33:49 Chain Mail Armor
33:16 Onager
34:05 Siege Engineers
34:11 Masonry
35:16 Northmen's Fury
36:56 Plate Mail Armor
37:01 Iron Casting
36:49 Siege Onager
38:43 Caravan
40:15 Blast Furnace
39:36 Capped Ram
42:31 Hoardings
44:47 Siege Ram
48:56 Coinage
52:31 Banking
62:43 Light Cavalry
65:27 Scale Barding Armor
67:22 Chain Barding Armor
68:39 Plate Barding Armor
81:53 Heavy Scorpion
99:31 Elite Varangian Guard
体制少妇白洁
10:24 Feudal Age
11:29 Double-Bit Axe
11:27 Horse Collar
14:52 Castle Age
15:54 Bow Saw
16:00 Heavy Plow
16:36 Wheelbarrow
23:36 Hand Cart
23:22 Gold Mining
24:46 Loom
28:25 Imperial Age
26:18 Pikeman
26:58 Squires
26:59 Scale Mail Armor
27:10 Forging
28:06 Chain Mail Armor
28:02 Forging
28:29 Halberdier
28:34 Capped Ram
29:53 Plate Mail Armor
31:28 Conscription
30:42 Siege Ram
31:03 Elite Varangian Guard
31:39 Shield Wall
32:38 Elite Hearth Troop
34:26 Forging
34:37 Stone Mining
35:23 Gold Shaft Mining
34:14 Elite Varangian Guard
37:17 Arson
38:10 Iron Casting
37:23 Gambesons
44:11 Man-at-Arms
46:35 Caravan
51:02 Two-Man Saw
50:03 Long Swordsman
53:25 Fletching
53:51 Masonry
55:08 Ballistics
55:22 Bodkin Arrow
58:44 Architecture
62:08 Two-Handed Swordsman
82:20 Champion
106:07 Heavy Scorpion
108:31 Siege Engineers
夫国之有民,犹水之有舟,停则以安,扰则以危
10:27 Feudal Age
11:11 Double-Bit Axe
14:09 Castle Age
12:27 Horse Collar
15:06 Bow Saw
21:25 Loom
22:33 Wheelbarrow
33:49 Imperial Age
31:19 Gold Mining
31:43 Heavy Plow
32:20 Scale Barding Armor
32:17 Caravan
33:15 Bloodlines
33:06 Husbandry
34:04 Chain Barding Armor
33:55 Forging
36:19 Hand Cart
35:50 Town Watch
36:47 Crop Rotation
36:51 Elite Jarl
38:11 Plate Barding Armor
38:12 Iron Casting
39:04 Iron Casting
40:10 Conscription
41:14 Blast Furnace
42:43 Stone Mining
47:57 Guilds
47:46 Fletching
49:31 Elite Skirmisher
52:52 Padded Archer Armor
53:24 Siege Engineers
53:41 Bodkin Arrow
54:13 Ballistics
56:14 Chemistry
55:19 Bracer
57:13 Coinage
57:08 Leather Archer Armor
58:28 Two-Man Saw
61:57 Banking
64:44 Ring Archer Armor
91:22 Capped Ram
92:15 Siege Ram
94:59 Onager
FoLuo
10:34 Feudal Age
14:09 Castle Age
13:35 Double-Bit Axe
13:32 Horse Collar
22:06 Wheelbarrow
22:36 Bow Saw
24:45 Hand Cart
24:15 Loom
24:30 Gold Mining
25:09 Heavy Plow
25:11 Stone Mining
27:02 Gold Shaft Mining
27:02 Stone Shaft Mining
27:02 Gold Shaft Mining
27:02 Stone Shaft Mining
27:02 Gold Shaft Mining
29:52 Imperial Age
29:08 Scale Mail Armor
29:18 Forging
28:32 Hamask
30:08 Chain Mail Armor
29:41 Town Watch
29:58 Heavy Scorpion
30:42 Elite Varangian Guard
32:02 Iron Casting
32:02 Conscription
32:25 Ballistics
32:14 Squires
31:59 Arson
32:47 Plate Mail Armor
32:24 Capped Ram
34:19 Blast Furnace
33:16 Siege Ram
34:04 Northmen's Fury
34:46 Fletching
34:24 Man-at-Arms
35:20 Siege Engineers
36:00 Onager
36:04 Long Swordsman
36:56 Bodkin Arrow
36:52 Two-Handed Swordsman
37:17 Gambesons
39:05 Chemistry
38:10 Siege Engineers
38:17 Champion
38:26 Pikeman
39:51 Bracer
39:52 Padded Archer Armor
40:12 Masonry
40:59 Onager
42:22 Hoardings
41:22 Elite Skirmisher
43:09 Leather Archer Armor
43:10 Thumb Ring
42:33 Onager
43:35 Town Patrol
46:42 Murder Holes
47:48 Halberdier
50:22 Caravan
77:07 Husbandry
77:21 Bloodlines
76:36 Light Cavalry
82:31 Scale Barding Armor
83:01 Ring Archer Armor
82:38 Scale Barding Armor
88:32 Chain Barding Armor
90:45 Siege Onager
cookie tin
10:59 Feudal Age
14:55 Castle Age
12:57 Double-Bit Axe
13:14 Horse Collar
16:01 Wheelbarrow
16:46 Bow Saw
20:02 Heavy Plow
21:02 Loom
21:03 Town Watch
22:25 Hand Cart
25:07 Gold Mining
28:39 Imperial Age
26:34 Bloodlines
26:25 Husbandry
27:03 Scale Barding Armor
27:04 Husbandry
28:19 Chain Barding Armor
28:19 Stone Mining
28:28 Treadmill Crane
29:06 Forging
28:56 Scale Mail Armor
28:51 Cavalier
30:23 Plate Barding Armor
32:12 Iron Casting
32:22 Guilds
32:42 Vendel Legacy
34:48 Two-Man Saw
34:56 Conscription
34:45 Herbal Medicine
35:30 Heavy Scorpion
38:11 Blast Furnace
37:52 Fletching
38:18 Masonry
39:10 Stone Shaft Mining
39:34 Light Cavalry
43:14 Caravan
45:35 Bodkin Arrow
46:56 Coinage
47:17 Ballistics
48:00 Chemistry
49:50 Crop Rotation
49:05 Hussar
49:17 Capped Ram
50:38 Bracer
55:38 Siege Ram
62:49 Padded Archer Armor
66:58 Scale Mail Armor
66:56 Elite Varangian Guard
67:37 Squires
67:22 Arson
108:08 Gambesons
Connection lost

Rejoining the realm…

Still unreachable

The connection could not be restored.

Session expired

The server has moved on; the page needs a fresh start.